 Dungeon Crawl Stone Soup version 0.26.1-11-gd32895ea62 (webtiles) character file.

Game seed: 16311735234628736143

56 Tocho the Skirmisher (level 3, -3/31 (33) HPs)
             Began as a Palentonga Fighter on June 15, 2021.
             Slain by a wight
             ... wielding a cursed +4 hand axe of freezing
              (5 damage)
             ... on level 3 of the Dungeon.
             The game lasted 00:04:22 (1740 turns).

Tocho the Skirmisher (Palentonga Fighter)           Turns: 1740, Time: 00:04:23

HP:   -3/31 (33)    AC:  6    Str: 20    XL:     3   Next: 71%
MP:   3/3           EV:  7    Int:  8    God:
Gold: 90            SH:  0    Dex:  9    Spells: 2/2 levels left

rFire    . . .     SeeInvis +   a - +0 war axe
rCold    . . .     Faith    .   (no shield)
rNeg     . . .     Spirit   .   b - +0 scale mail
rPois    .         Reflect  .   (no helmet)
rElec    .         Harm     .   (no cloak)
rCorr    .         Rampage  .   (no gloves)
Will     .....                  (no barding)
Stlth    ..........             (no amulet)
HPRegen  0.10/turn              (no ring)
MPRegen  0.08/turn              (no ring)

@: drained
A: large, rugged brown scales 3, see invisible, deformed body, roll 1, armoured
tail
a: Rolling Charge


You were on level 3 of the Dungeon.
You visited 1 branch of the dungeon, and saw 3 of its levels.

You collected 90 gold pieces.

Inventory:

Hand Weapons
 a - a +0 war axe (weapon)
Armour
 b - a +0 scale mail (worn)
 c - a +0 kite shield
 i - a cursed +0 leather armour
 k - a cursed +0 ring mail
Jewellery
 g - an uncursed ring of poison resistance {unknown}
 o - an uncursed ring of see invisible {unknown}
Scrolls
 e - a scroll of blinking {unknown}
 h - 4 scrolls of identify {unknown}
 j - 3 scrolls of enchant weapon {unknown}
 l - 2 scrolls of enchant armour {unknown}
 p - a scroll of teleportation {unknown}
 q - a scroll of random uselessness {unknown}
Potions
 d - 2 potions of might
 f - a potion of curing {unknown}
 m - a potion of cancellation {unknown}
 n - a potion of haste {unknown}


   Skills:
 + Level 3.5 Fighting
 + Level 2.6 Axes
 + Level 3.0 Armour
 + Level 0.5 Dodging
 - Level 2.4 Shields


You had 2 spell levels left.
You didn't know any spells.
Your spell library was empty.

Dungeon Overview and Level Annotations

Branches:
Dungeon (3/15)

Altars:
Dithmenos
Ru
Wu Jian
Yredelemnul
The Shining One


Innate Abilities, Weirdness & Mutations

You are completely covered in rugged brown scales. (AC +3, +7% HP)
You have supernaturally acute eyesight. (SInv)
Armour fits poorly on your strangely shaped body.
You can roll at nearby foes to attack.
You have a long armoured tail.


Message History

* * * LOW HITPOINT WARNING * * *
The frilled lizard bites you but does no damage.
Found a scroll labelled HETA QO FEFIJADGHIWK.
A worm comes into view.
A giant cockroach comes into view.
The frilled lizard hisses.
The giant cockroach bites you but does no damage.
The giant cockroach bites you but does no damage.
The giant cockroach bites you but does no damage.
The giant cockroach bites you but does no damage.
The wight hits you with a cursed +4 hand axe of freezing.
* * * LOW HITPOINT WARNING * * *
The wight freezes you.
* * * LOW HITPOINT WARNING * * *
The giant cockroach barely misses you.
The giant cockroach bites you but does no damage.
The wight completely misses you. The frilled lizard barely misses you.
The giant cockroach closely misses you.
The wight hits you with a cursed +4 hand axe of freezing.
You die...

....#...........#
##.....##.....#
#..#..###.....#
###.#...# #######
w........###
...........#
...........##
...P.....#..#
≈≈≈≈≈....#@.##
≈≈≈≈≈....#Bz.#########
###≈≈....#.l.........#
#≈≈....#.z.......###
#≈≈....#...##....#
#......#### #...####
#...# #####


You could see 2 wights, a giant cockroach and a frilled lizard.

Vanquished Creatures
  An adder (D:2)
  A worm (D:2)
  A dart slug (D:2)
  A leopard gecko (D:1)
  2 giant cockroaches (D:1)
  7 goblins
  8 hobgoblins
  3 jackals (D:1)
  A quokka (D:2)
  5 bats
  2 frilled lizards
  3 kobolds
  2 rats
37 creatures vanquished.

Notes
Turn   | Place    | Note
-------+----------+-------------------------------------------
     0 | D:1      | Tocho the Palentonga Fighter began the quest for the Orb.
     0 | D:1      | Reached XP level 1. HP: 20/20 MP: 1/1
   196 | D:1      | Reached XP level 2. HP: 27/27 MP: 2/2
   725 | D:2      | Reached XP level 3. HP: 33/33 MP: 3/3
  1415 | D:2      | Found a sacrificial altar of Ru.
  1421 | D:2      | Found a shadowy altar of Dithmenos.
  1423 | D:2      | Found a basalt altar of Yredelemnul.
  1424 | D:2      | Found a glowing golden altar of the Shining One.
  1429 | D:2      | Found an ornate altar of the Wu Jian Council.
  1732 | D:3      | HP: 1/31 [wight/cursed +4 hand axe of freezing (2)]
  1740 | D:3      | Slain by a wight

Illustrated notes

Levels and vault maps discovered:
D:1:      matt_arrival_los_fun, layout_loops_ring
D:2:      lemuel_upstairs_altar, layout_basic, minitemple,
          chequers_serial_rivers_micro_a
D:3:      lemuel_castle_with_subvaults [lemuel_castle_interior_carwin_2],
          layout_rooms, hex_large

Skill      XL: |  1  2  3 |
---------------+----------+-----
Armour         | 3 |  3.0
Fighting       | |  3.5
Axes           | |  2.6
Dodging        | |  0.5
Shields        | |  2.4

Action                   || total
-------------------------++-------
Melee: War axe           ||    74
       Tailslap          ||     7
 Abil: Rolling Charge    ||    24
Armor: Scale mail        ||    26
Dodge: Dodged            ||    21
Block: Kite shield       ||    25
